 Dungeon Crawl Stone Soup version 0.31-a0-691-g409c26aa35 (webtiles) character file.

Game seed: 9168760136096613667

76 gruber the Slasher (level 4, 0/23 HPs)
             Began as a Vine Stalker Fighter on Sept 6, 2023.
             Slain by an orc
             ... wielding a +0 trident
              (6 damage)
             ... on level 3 of the Dungeon.
             The game lasted 00:01:08 (1556 turns).

gruber the Slasher (Vine Stalker Fighter)           Turns: 1556, Time: 00:01:09

Health: 0/23       AC:  9    Str: 18    XL:     4   Next: 32%
Magic:  0/5        EV:  9    Int:  8    God:
Gold:   126        SH:  5    Dex: 16    Spells: 3/3 levels left

rFire   . . .        a - +0 long sword
rCold   . . .        c - +0 buckler
rNeg    . . .        b - +0 scale mail
rPois   .            (no helmet)
rElec   .            h - +2 cloak
rCorr   .            (no gloves)
SInv    .            (no boots)
Will    .....        (no amulet) Stlth
                     (no ring)
HPRegen 1.03/turn    (no ring)
MPRegen 0.09/turn

%: guardian spirit
@: no status effects
A: fangs 2, regeneration 1, magic shield, antimagic bite, no potion heal 2
a: no special abilities


You were on level 3 of the Dungeon.
You visited 1 branch of the dungeon, and saw 3 of its levels.

You collected 126 gold pieces.

Inventory:

Hand Weapons
 a - a +0 long sword (weapon)
Armour
 b - a +0 scale mail (worn)
 c - a +0 buckler (worn)
 h - a +2 cloak (worn)
Scrolls
 e - 2 scrolls of torment {unknown}
 f - a scroll of noise {unknown}
 g - a scroll of immolation {unknown}
 i - a scroll of teleportation {unknown}
 j - a scroll of fog {unknown}
 l - a scroll of enchant weapon {unknown}
 m - a scroll of acquirement {unknown}
Potions
 d - a potion of might
 k - a potion of curing {unknown}
 n - 2 potions of attraction {unknown}


   Skills:
 - Level 2.7 Fighting
 + Level 4.0 Long Blades
 - Level 2.4 Armour
 - Level 2.6 Shields


You had 3 spell levels left.
You didn't know any spells.
Your spell library contained the following spells:

 Spells                   Type           Power      Damage    Failure   Level
 Cigotuvi's Dreadful Rot  Necr/Pois/Air  0%         N/A       95%         2
 Ignite Poison            Fire/Tmut/Pois 0%         N/A       99%         3
 Freezing Cloud           Conj/Ice/Air   0%         6-21      100%        5


Dungeon Overview and Level Annotations

Branches:
Dungeon (3/15)

Altars:


Innate Abilities, Weirdness & Mutations

You have extremely sharp teeth.
Your natural rate of healing is unusually fast.
When hurt, damage is shared between your health and your magic reserves.
Your bite disrupts and absorbs the magic of your enemies.
Potions cannot restore your health.


Message History

You hit the orc.
The orc is heavily wounded.
The orc hits you but does no damage.
You hit the orc but do no damage.
The orc is heavily wounded.
The orc hits you with a +0 hand axe.
You hit the orc. You bite the orc.
You kill the orc!
You hit something. Your bite misses something.
You hear some strange, mumbled words.
Something tries to affect you, but you resist.
The orc hits you from afar with a +0 trident.
Something hits you but does no damage.
The orc hits you from afar with a +0 trident.
You hit something. Your bite misses something.
Something hits you but does no damage. The orc misses you.
You closely miss something.
You hear some strange, mumbled words.
Something tries to affect you, but you resist.
The orc closely misses you.
You miss something. Your bite misses something.
You hear some strange, mumbled words.
A puff of flame appears from out of thin air!
The puff of flame hits you.
The orc hits you from afar with a +0 trident!
You hit something.
You hear some strange, mumbled words.
A puff of flame appears from out of thin air!
The puff of flame hits you!
* * * LOW HITPOINT WARNING * * *
The orc hits you but does no damage. Something hits you but does no damage.
You block the orc's attack.
Unknown command.
You miss something. Your bite misses something.
You hear some strange, mumbled words.
A magic dart appears from out of thin air!
The magic dart hits you.
* * * LOW HITPOINT WARNING * * *
The orc hits you from afar with a +0 trident!
You die...

#..........# ..#
#..........#...#
#..........#...
#............ #
#..........# .#
........)..# ..#
......o....#...#
#########o.....#
#...@{.######
#...#### #...#
#.### ##
#..#######.##...#
#...........# .
...###..######
#.. #.).#######
....###.#####...#


You could see an orc.

Vanquished Creatures
  3 adders
  2 dart slugs
  2 orcs (D:3)
  4 ball pythons
  2 endoplasms (D:1)
  3 giant cockroaches (D:1)
  A hobgoblin (D:1)
  4 quokkas
  3 bats
  A frilled lizard (D:3)
  3 goblins
  7 kobolds
  7 rats
42 creatures vanquished.

Notes
Turn   | Place    | Note
-------+----------+-------------------------------------------
     0 | D:1      | gruber the Vine Stalker Fighter began the quest for the
                  | Orb.
     0 | D:1      | Reached XP level 1. HP: 11/11 MP: 2/2
    71 | D:1      | Reached skill level 2 in Long Blades
   115 | D:1      | Reached XP level 2. HP: 16/16 MP: 3/3
   456 | D:1      | Reached skill level 3 in Long Blades
   460 | D:1      | Reached XP level 3. HP: 19/19 MP: 4/4
   947 | D:2      | Noticed a great orb of eyes
   957 | D:2      | Noticed a golden eye
   959 | D:2      | Found a faded altar of an unknown god.
   961 | D:2      | Noticed a great orb of eyes
   961 | D:2      | Noticed a floating eye
  1468 | D:3      | Reached XP level 4. HP: 23/23 MP: 5/5
  1525 | D:3      | Reached skill level 4 in Long Blades
  1556 | D:3      | Slain by an orc

Illustrated notes

Levels and vault maps discovered:
D:1:      roderic_chinese_lattice_arrival, layout_rooms
D:2:      layout_basic, hellmonk_ecumenical_altar_watching_god
D:3:      layout_rooms

Skill      XL: |  1  2  3  4 |
---------------+-------------+-----
Long Blades    | 2 3 4 |  4.0
Fighting       | |  2.7
Armour         | |  2.4
Shields        | |  2.6

Action                     |  1- 3 |  4- 6 || total
---------------------------+-------+-------++-------
  Melee: Long sword        |    83 |    18 ||   101
         Bite              |    19 |     4 ||    23
 Armour: Scale mail        |    58 |    18 ||    76
  Dodge: Dodged            |    49 |     7 ||    56
  Block: Buckler           |    13 |     6 ||    19

Table legend: (Time is in decaauts)
 A = Elapsed time spent in this place.
 B = Non-inter-level travel time spent in this place.
 C = Inter-level travel time spent in this place.
 D = Time resting spent in this place.
 E = Time spent auto-exploring this place.
 F = Levels seen in this place.
 G = Mean time per level.
                   A        B        C        D        E       F      G
               +--------+--------+--------+--------+--------+-----+--------+
         Total |   1585 |   1477 |    108 |      0 |   1231 |   3 |  528.3 |
       Dungeon |   1585 |   1477 |    108 |      0 |   1231 |   3 |  528.3 |
               +--------+--------+--------+--------+--------+-----+--------+

Top non-repeatable levels by time:
     D:2: 871 daAuts
     D:1: 567 daAuts
     D:3: 146 daAuts
